 Dungeon Crawl Stone Soup version 0.28.0 (webtiles) character file.

Game seed: 4683571173212470767

105 Sanktem7 the Covered (level 4, -2/41 HPs)
             Began as a Minotaur Fighter on Feb 18, 2022.
             Killed from afar by Sigmund (4 damage)
             ... with a magic dart
             ... on level 2 of the Dungeon.
             The game lasted 00:02:08 (1783 turns).

Sanktem7 the Covered (Minotaur Fighter)             Turns: 1783, Time: 00:02:09

Health: -2/41      AC:  7    Str: 22    XL:     4   Next: 53%
Magic:  3/3        EV:  9    Int:  5    God:
Gold:   23         SH:  4    Dex: 10    Spells: 3/3 levels left

rFire   . . .      SeeInvis .   a - +0 war axe
rCold   . . .      Faith    .   c - +0 buckler
rNeg    . . .      Spirit   .   b - +0 scale mail
rPois   .          Reflect  .   (helmet restricted)
rElec   .          Harm     .   (no cloak)
rCorr   .          Rampage  .   (no gloves)
Will    .....                   (no boots)
Stlth   ..........              (no amulet)
HPRegen 0.13/turn               (no ring)
MPRegen 0.08/turn               (no ring)

@: no status effects
A: horns 2, retaliatory headbutt
a: no special abilities


You were on level 2 of the Dungeon.
You visited 1 branch of the dungeon, and saw 2 of its levels.

You collected 23 gold pieces.

Inventory:

Hand Weapons
 a - a +0 war axe (weapon)
Armour
 b - a +0 scale mail (worn)
 c - a +0 buckler (worn)
Jewellery
 l - a ring of magical power
Scrolls
 e - a scroll of torment {unknown}
 f - a scroll of identify {unknown}
 h - a scroll of immolation {unknown}
 k - a scroll of noise {unknown}
Potions
 d - a potion of might
 g - 2 potions of curing {unknown}
 i - a potion of lignification {unknown}
 j - a potion of attraction {unknown}


   Skills:
 * Level 4.4 Fighting
 * Level 4.0 Axes
 * Level 4.7 Armour
 + Level 0.7 Dodging
 - Level 3.6 Shields


You had 3 spell levels left.
You didn't know any spells.
Your spell library was empty.

Dungeon Overview and Level Annotations

Branches:
Dungeon (2/15)

Altars:

Annotations:
D:2 Natasha, Sigmund


Innate Abilities, Weirdness & Mutations

You have a pair of horns on your head.
You reflexively headbutt those who attack you in melee.


Message History

Something tries to affect you, but you resist.
The hobgoblin hits you with a +0 long sword!
* * * LOW HITPOINT WARNING * * *
The white imp gestures at you.
The puff of frost hits something!
You block the hobgoblin's attack. Something hits you but does no damage.
The hobgoblin hits you.
* * * LOW HITPOINT WARNING * * *
You block the hobgoblin's attack. The hobgoblin closely misses you.
You barely miss the hobgoblin.
The hobgoblin is heavily wounded.
You hit the hobgoblin.
The hobgoblin hits you but does no damage.
The hobgoblin closely misses you.
You slash the hobgoblin!
You kill the hobgoblin!
You closely miss the hobgoblin. You block the bat's attack.
The white imp grins evilly.
The hobgoblin hits you but does no damage.
Something hits you but does no damage.
You closely miss the bat. You hit the hobgoblin.
The bat hits you but does no damage. The bat barely misses you.
The hobgoblin hits you but does no damage.
You block the bat's attack.
Natasha extends her claws.
You block the hobgoblin's attack. Something hits you.
* * * LOW HITPOINT WARNING * * *
You hit the bat but do no damage. Your headbutt misses the bat.
You closely miss the hobgoblin. You block the bat's attack.
The bat hits you but does no damage. The hobgoblin barely misses you.
You slash the bat!
You kill the bat!
You barely miss the hobgoblin. Something hits you.
* * * LOW HITPOINT WARNING * * *
The hobgoblin hits you but does no damage.
The hobgoblin hits you but does no damage.
You hear some strange, mumbled words.
A magic dart appears from out of thin air!
The magic dart hits you.
You die...

#......# #..##..####
#......# #.####....#
###.######.# ####.###
#.# ##..# #...##
#.####†.## ###...
#....#.#############.
####.................
#######
###.##############
.......##@..# #####..
.......h{g### #......
.......w### #.##...
#....##.# #.##.##
...)....#
########....#
.......##
..........#.# .......
########..#.# ..<..#.
##..##.# .....##
#########..###.#


You could see a worm, Natasha and a hobgoblin.

Vanquished Creatures
  Natasha (twice) (D:2)
  An adder (D:2)
  A dart slug (D:2)
  4 endoplasms (D:1)
  2 giant cockroaches
  2 goblins (D:1)
  3 hobgoblins
  2 jackals (D:1)
  3 quokkas
  6 ball pythons
  6 bats
  3 frilled lizards (D:2)
  4 kobolds
  6 rats
45 creatures vanquished.

Notes
Turn   | Place    | Note
-------+----------+-------------------------------------------
     0 | D:1      | Sanktem7 the Minotaur Fighter began the quest for the Orb.
     0 | D:1      | Reached XP level 1. HP: 19/19 MP: 0/0
   549 | D:1      | Reached XP level 2. HP: 24/27 MP: 1/1
   861 | D:1      | Reached XP level 3. HP: 30/33 MP: 2/2
  1213 | D:2      | Found a faded altar of an unknown god.
  1623 | D:2      | Noticed Natasha
  1631 | D:2      | Killed Natasha
  1632 | D:2      | Reached XP level 4. HP: 33/41 MP: 3/3
  1690 | D:2      | Noticed Natasha
  1697 | D:2      | Killed Natasha
  1765 | D:2      | Noticed Sigmund
  1768 | D:2      | Noticed Natasha
  1782 | D:2      | HP: 2/41 [something (6)]
  1783 | D:2      | Killed from afar by Sigmund

Illustrated notes

Levels and vault maps discovered:
D:1:      minmay_arrival_stone_box, layout_basic
D:2:      layout_rooms, nicolae_ecumenical_pavilion, roderic_roman_lattice,
          st_stairs_2, uniq_sigmund, uniq_natasha

Skill      XL: |  1  2  3  4 |
---------------+-------------+-----
Armour         | 4 |  4.7
Fighting       | 4 |  4.4
Axes           | 3 4 |  4.0
Dodging        | |  0.7
Shields        | |  3.6

Action                   |  1- 3 |  4- 6 || total
-------------------------+-------+-------++-------
Melee: War axe           |    82 |    15 ||    97
       Headbutt          |    10 |     1 ||    11
Armor: Scale mail        |    44 |    14 ||    58
Dodge: Dodged            |    46 |     8 ||    54
Block: Buckler           |    16 |    11 ||    27
